 Dungeon Crawl Stone Soup version 0.21.0-3-g78d12a8 (console) character file.

62559 removed the Unseen (level 14, 64/64 HPs)
             Began as a Felid Abyssal Knight on Jan 14, 2018.
             Was the Champion of Lugonu.
             Quit the game on level 1 of the Spider Nest.
             The game lasted 01:48:44 (39491 turns).

removed the Unseen (Felid Abyssal Knight)          Turns: 39491, Time: 01:48:45

Health: 64/64      AC:  9    Str:  8    XL:     14   Next: 64%
Magic:  28/28      EV: 29    Int: 20    God:    Lugonu [******]
Gold:   1043       SH:  0    Dex: 16    Spells: 17/31 levels left
                                        Lives:  1   Deaths: 1

rFire    . . .     SeeInvis +     - Unarmed
rCold    + . .     Gourm    .   (shield unavailable)
rNeg     . . .     Faith    .   (armour unavailable)
rPois    +         Spirit   .   (helmet unavailable)
rElec    .         Reflect  .   (cloak unavailable)
rCorr    .         Harm     .   (gloves unavailable)
MR       ++...                  (boots unavailable)
Stlth    +++++++...             O - amulet of magic regeneration
HPRegen  0.20/turn              V - ring of poison resistance
MPRegen  0.46/turn              r - +6 ring of protection

@: quick
A: very small, no armour, no weapons or thrown items, stealth, claws 1, fangs 3,
see invisible, carnivore, speed 1, shaggy fur 3, slow metabolism 1, sharp paws
a: Depart the Abyss, Bend Space, Banish, Corrupt, Enter the Abyss, Renounce
Religion


You were on level 1 of the Spider Nest.
You worshipped Lugonu.
Lugonu was exalted by your worship.
You were not hungry.

You visited 4 branches of the dungeon, and saw 24 of its levels.
You visited the Abyss 1 time.
You also visited: Labyrinth, Ice Cave and Volcano.

You collected 2588 gold pieces.
You spent 1545 gold pieces at shops.

Inventory:

Jewellery
 f - an uncursed ring of protection from fire
 g - an uncursed ring of wizardry
 i - an uncursed ring of ice
 m - an uncursed ring of protection from magic
 p - a +4 ring of protection
 r - a +6 ring of protection (right paw)
 x - an uncursed ring of fire
 O - an amulet of magic regeneration (around neck)
 Q - an uncursed ring of positive energy
 V - a ring of poison resistance (left paw)
Wands
 y - a wand of digging (15)
 A - a wand of disintegration (6)
 I - a wand of paralysis (17)
 N - a wand of iceblast (23)
 P - a wand of scattershot (4)
 Y - a wand of polymorph (32)
Scrolls
 v - 2 scrolls of vulnerability
 C - 5 scrolls of amnesia
 E - a scroll of blinking
 F - a scroll of fog
 G - 10 scrolls of identify
 J - 2 scrolls of magic mapping
 R - 7 scrolls of remove curse
 U - 9 scrolls of teleportation
Potions
 c - 9 potions of curing
 o - 2 potions of brilliance
 u - 2 potions of mutation
 w - 2 potions of haste
 z - 2 potions of cancellation
 D - 3 potions of resistance
 H - a potion of magic
 M - 2 potions of flight
 S - 6 potions of agility
 W - 3 potions of berserk rage
 X - 4 potions of heal wounds
 Z - 5 potions of might
Miscellaneous
 B - a sack of spiders
 T - a fan of gales
Comestibles
 a - 35 rations
 L - a chunk of flesh


   Skills:
 + Level 9.5 Fighting
 - Level 13.0 Dodging
 - Level 16.1 Stealth
 - Level 14.0 Unarmed Combat
 - Level 9.0 Spellcasting
 - Level 10.1 Hexes
 - Level 6.0 Charms
 - Level 4.0 Translocations
 - Level 5.0 Ice Magic
 - Level 10.0 Invocations


You had 17 spell levels left.
You knew the following spells:

 Your Spells              Type           Power        Failure   Level  Hunger
a - Confusing Touch       Hex            #####.       1%          1    None
c - Confuse               Hex            #####...     1%          3    None
l - Blink                 Tloc           N/A          2%          2    None
n - Metabolic Englaciati  Hex/Ice        #####.....   10%         5    #####..
o - Ozocubu's Armour      Chrm/Ice       ####....     2%          3    None


Dungeon Overview and Level Annotations

Branches:
Dungeon (15/15)            Temple (0/1) D:4            Lair (6/6) D:11
  Swamp (0/4) Lair:3       Spider (1/4) Lair:2          Orc (2/2) D:12
    Elf (0/3) Orc:2        Depths (0/5) D:15
  Slime: Lair:5-6    Vaults: D:13-14

Altars:
Elyvilon
Hepliaklqana
Okawaru
Ru
The Shining One

Shops:
D:4 (   D:5 (   D:8 =   D:12 =   D:15 !   Orc:2 [*=

Annotations:
D:8 Fingolfin's ghost, novice NaWz
D:11 exclusion: 3 skeletal warriors
D:15 Rupert
Lair:2 exclusion: oklob plant
Lair:6 exclusion: 2 oklob plants
Spider:1 exclusion: Roxanne, Roxanne
Abyss:1 Joseph; Snorg


Innate Abilities, Weirdness & Mutations

You cannot wear armour.
You are incapable of wielding weapons or throwing items.
Your paws allow you to move quietly. (Stealth)
You have sharp claws.
You have razor-sharp teeth.
You have supernaturally acute eyesight. (SInv)
You are carnivorous and can eat meat at any time.
You cover ground quickly.
Your thick and shaggy fur keeps you warm. (AC +3, rC+)
You have a slow metabolism.
Your sharp claws are effective at attacking unaware monsters.


Message History

The entropy weaver hits you but does no damage.
The entropy weaver hits you!
* * * LOW HITPOINT WARNING * * *
The entropy weaver hits you but does no damage.
Casting: Confuse
Confirm with . or Enter, or press ? or * to list all spells.
Aiming: Confuse
Press: ? - help, Shift-Dir - straight line, f/p - entropy weaver
Aim: an entropy weaver (chance to confuse on hit: 36%, chance to defeat MR: 37%)
The entropy weaver resists with some effort.
The entropy weaver completely misses you.
The entropy weaver hits you!
You die...
The entropy weaver completely misses you. x2
The entropy weaver hits you. The entropy weaver hits you!
The entropy weaver barely misses you.
The entropy weaver completely misses you.
You are now level 14!
You rejoin the land of the living...
Are you sure you want to abandon this character and quit the game? (Confirm with "yes".)

##..
##...
##....
##....
....#
#...
#..#
#.@#
#....##
#.....
##..#.
##.#. #
#. .# .


There were no monsters in sight!

Vanquished Creatures
  Saint Roka (Orc:2)
  Frances (Spider:1)
  An orc warlord (Orc:2)
  An entropy weaver (Spider:1)
  Josephine (D:14)
  A minotaur (Lab)
  Fannar (Lair:1)
  2 fire dragons
  A centaur warrior (D:14)
  A death knight (D:14)
  Urug (Lair:5)
  4 orc high priests (Orc:2)
  A hell hog (Volcano)
  Sonja (D:10)
  2 unseen horrors
  8 orc knights
  2 wizards (D:15)
  A necromancer (D:15)
  Pikel (D:9)
  A wolf spider zombie (D:15)
  10 ugly things
  2 manticores
  5 wolf spiders
  2 orb spiders (Spider:1)
  5 orc sorcerers
  2 deep elf magi (D:15)
  5 cyclopes
  A black mamba (Lair:4)
  10 elephants (Lair:6)
  Maurice (D:12)
  11 spiny frogs
  2 molten gargoyles (Volcano)
  A gargoyle (D:12)
  2 ice statues (IceCv)
  11 komodo dragons
  An efreet (D:13)
  A kobold demonologist (D:15)
  6 rime drakes
  9 ice devils (IceCv)
  A freezing wraith (D:15)
  7 trolls
  5 jumping spiders
  8 polar bears
  22 blink frogs
  13 slime creatures
  5 hornets
  A dream sheep (Lair:6)
  10 hippogriffs
  11 spriggans (Lair:6)
  A centaur simulacrum (D:15)
  2 tarantellas (Spider:1)
  5 redbacks
  6 wraiths
  26 yaks
  2 wyverns (D:12)
  9 fire bats (Volcano)
  A basilisk (Lair:6)
  3 hungry ghosts
  3 wargs
  4 vampire mosquitoes (Lair:3)
  A soldier ant (D:13)
  An acid dragon (D:13)
  12 water moccasins
  8 porcupines
  2 hell hounds (Volcano)
  3 slaves
  2 ice beasts
  32 orc warriors
  9 black bears
  An eye of draining (D:15)
  2 phantoms (D:5)
  8 sky beasts
  23 wolves
  9 ogres
  4 boggarts (Lair:6)
  13 crocodiles
  15 centaurs
  Blork the orc (D:5)
  11 bullfrogs
  3 big kobolds
  A gnoll sergeant (D:9)
  7 scorpions
  4 howler monkeys
  3 lava snakes (Volcano)
  10 crimson imps
  A wyvern simulacrum (D:15)
  2 bullfrog zombies (D:10)
  6 centaur zombies
  2 quasits
  9 orc priests
  5 hounds
  2 bullfrog skeletons
  3 jellies
  13 orc wizards
  4 centaur skeletons
  2 iguanas
  7 worker ants
  2 killer bee zombies
  A worker ant zombie (D:10)
  18 gnolls
  8 adders
  3 shadow imps
  8 white imps (IceCv)
  9 ufetubi (IceCv)
  2 oozes
  An adder skeleton (D:9)
  An adder zombie (D:6)
  A worm (D:3)
  4 dart slugs
  7 leopard geckos
  68 orcs
  8 bats
  5 giant cockroaches
  10 goblins
  8 hobgoblins
  11 jackals
  7 quokkas
  3 ball pythons
  5 frilled lizards
  A jackal skeleton (D:9)
  22 kobolds
  9 rats
  A fungus (Lair:4)
729 creatures vanquished.

Vanquished Creatures (collateral kills)
  A hornet (Lair:6)
  A polar bear (Lair:6)
  A redback (Spider:1)
  2 vampire mosquitoes (Lair:3)
  A porcupine (Lair:3)
  A crocodile (Lair:3)
7 creatures vanquished.

Vanquished Creatures (others)
  The ghost of loralnil the Protected, a journeyman MiFi of Yredelemnul (Lair:5)
  A reaper (IceCv)
  The ghost of Ignatius881 the Fighter, a journeyman MiBe of Trog (Lair:2)
  4 hydras
  An orb spider (Spider:1)
  A wolf spider (Lair:2)
  A komodo dragon (Lair:1)
  A merfolk (D:11)
  A spriggan (D:11)
  An orc warrior (D:8)
  A slave (D:9)
  2 centaurs
  3 white imps (IceCv)
  2 ufetubi (IceCv)
  53 fungi
  17 plants
91 creatures vanquished.

Grand Total: 827 creatures vanquished

Notes
Turn   | Place    | Note
-------+----------+-------------------------------------------
     0 | Abyss:1  | removed the Felid Abyssal Knight began the quest for the Orb.
     0 | Abyss:1  | Reached XP level 1. HP: 10/10 MP: 3/3
     0 | D:1      | Escaped the Abyss
   175 | D:1      | Reached XP level 2. HP: 14/14 MP: 4/4
   179 | D:1      | Reached * piety under Lugonu
   500 | D:1      | Reached XP level 3. HP: 9/17 MP: 5/5
  1779 | D:2      | Reached ** piety under Lugonu
  1895 | D:2      | Reached XP level 4. HP: 21/21 MP: 6/6
  2276 | D:3      | You fall through a shaft for 3 floors!
  2399 | D:5      | Entered Level 5 of the Dungeon
  2399 | D:5      | Found a hazy altar of Hepliaklqana.
  2399 | D:5      | Noticed a phantom
  2958 | D:3      | Reached skill level 5 in Unarmed Combat
  3504 | D:3      | Reached XP level 5. HP: 24/24 MP: 7/7
  3630 | D:4      | Found a staircase to the Ecumenical Temple.
  3854 | D:4      | Found Wid Josto's Antique Weapon Emporium.
  4119 | D:4      | Reached skill level 5 in Dodging
  4556 | D:3      | Reached *** piety under Lugonu
  4993 | D:5      | Gained mutation: You are covered in thick fur. (AC +2) [Felid growth]
  4993 | D:5      | Reached XP level 6. HP: 28/28 MP: 8/8
  5063 | D:5      | Noticed Blork the orc
  5639 | D:5      | Killed Blork the orc
  5639 | D:5      | Reached XP level 7. HP: 25/32 MP: 9/11
  5764 | D:5      | Found Jeerim's Antique Weapon Shoppe.
  6989 | D:6      | Reached XP level 8. HP: 34/36 MP: 12/12
  7975 | D:7      | Reached skill level 5 in Fighting
  8353 | D:7      | Reached skill level 5 in Invocations
  8390 | D:8      | Reached **** piety under Lugonu
  8475 | D:8      | Learned a level 1 spell: Confusing Touch
  8479 | D:8      | Learned a level 3 spell: Confuse
  8510 | D:8      | Noticed Fingolfin's ghost (novice NaWz)
  8611 | D:8      | Reached skill level 1 in Hexes
  8629 | D:8      | Reached skill level 1 in Spellcasting
  8753 | D:8      | Found Kuog's Jewellery Boutique.
  8817 | D:8      | Noticed Joseph
  8819 | D:8      | Banished Joseph
  8819 | D:8      | Reached skill level 1 in Stealth
  8819 | D:8      | Reached XP level 9. HP: 20/40 MP: 14/14
  9031 | D:8      | Reached skill level 2 in Stealth
  9697 | D:8      | Found a white marble altar of Elyvilon.
  9784 | D:8      | Reached skill level 3 in Stealth
  9868 | D:9      | Found a sacrificial altar of Ru.
  9909 | D:9      | Reached skill level 4 in Stealth
 10030 | D:9      | Reached skill level 5 in Stealth
 10196 | D:9      | Reached skill level 5 in Hexes
 10207 | D:9      | Noticed Pikel
 10475 | D:9      | Killed Pikel
 10879 | D:10     | Entered Level 10 of the Dungeon
 11091 | D:10     | Noticed a troll
 11120 | D:10     | Killed a troll
 11120 | D:10     | Reached XP level 10. HP: 27/45 MP: 11/17
 11489 | D:10     | Reached skill level 6 in Stealth
 11557 | D:10     | Noticed Sonja
 11569 | D:10     | Killed Sonja
 11569 | D:10     | Reached skill level 8 in Stealth
 11573 | D:10     | Noticed an unseen horror
 11612 | D:10     | Killed an unseen horror
 12219 | D:11     | Noticed a cyclops
 12411 | D:11     | Noticed a skeletal warrior
 12411 | D:11     | Noticed a skeletal warrior
 12411 | D:11     | Noticed a skeletal warrior
 12411 | D:11     | Noticed a skeletal warrior
 12411 | D:11     | Noticed a skeletal warrior
 12477 | D:11     | Found a staircase to the Lair.
 13172 | Lair:1   | Entered Level 1 of the Lair of Beasts
 13481 | Lair:1   | Reached skill level 10 in Unarmed Combat
 13736 | Lair:1   | Reached XP level 11. HP: 43/48 MP: 18/18
 13919 | Lair:1   | Found a glowing golden altar of the Shining One.
 14384 | Lair:1   | Noticed a six-headed hydra
 14389 | Lair:1   | Banished a six-headed hydra
 14524 | Lair:1   | Reached skill level 10 in Dodging
 14713 | Lair:1   | Noticed Fannar
 14736 | Lair:1   | Killed Fannar
 14736 | Lair:1   | Reached skill level 9 in Stealth
 14894 | Lair:2   | Noticed a six-headed hydra
 14895 | Lair:2   | Banished a six-headed hydra
 14895 | Lair:2   | Reached skill level 10 in Stealth
 15103 | Lair:2   | Noticed Ignatius881's ghost (journeyman MiBe)
 15119 | Lair:2   | Banished Ignatius881's ghost
 15119 | Lair:2   | Reached skill level 11 in Stealth
 15187 | Lair:2   | Noticed an oklob plant
 15574 | Lair:2   | Noticed a wolf spider
 15779 | Lair:2   | Banished a wolf spider
 15826 | Lair:2   | Noticed a wolf spider
 15959 | Lair:2   | Killed a wolf spider
 15996 | Lair:2   | Reached skill level 5 in Spellcasting
 16020 | Lair:2   | HP: 2/48 [poisoned by a redback]
 16028 | Lair:2   | HP: 2/48 [poisoned by a redback]
 16280 | Lair:2   | Found a hole to the Spider Nest.
 16923 | Lair:3   | Found a dark tunnel.
 16933 | Volcano  | Entered a volcano
 18159 | Volcano  | Found a radiant altar of Vehumet.
 18159 | Volcano  | Noticed a hell hog
 18161 | Volcano  | Gained mutation: Your thick and shaggy fur keeps you warm. (AC +3, rC+) [Felid growth]
 18161 | Volcano  | Reached XP level 12. HP: 53/53 MP: 22/22
 18208 | Volcano  | Killed a hell hog
 18537 | Volcano  | Noticed a fire dragon
 18672 | Volcano  | Killed a fire dragon
 19442 | Lair:3   | Found a staircase to the Swamp.
 20435 | Lair:4   | Noticed a four-headed hydra
 20441 | Lair:4   | Banished a four-headed hydra
 20441 | Lair:4   | Reached skill level 12 in Stealth
 20569 | Lair:4   | Reached skill level 13 in Stealth
 20788 | Lair:4   | Noticed a fire dragon
 20821 | Lair:4   | Killed a fire dragon
 20866 | Lair:4   | Learned a level 3 spell: Ozocubu's Armour
 21230 | Lair:5   | Noticed Snorg
 21231 | Lair:5   | Banished Snorg
 21231 | Lair:5   | Reached skill level 1 in Charms
 21308 | Lair:5   | Noticed a four-headed hydra
 21310 | Lair:5   | Banished a four-headed hydra
 21310 | Lair:5   | Reached skill level 1 in Ice Magic
 21491 | Lair:5   | Noticed Urug
 21506 | Lair:5   | Killed Urug
 21506 | Lair:5   | Reached XP level 13. HP: 39/57 MP: 6/23
 21603 | Lair:5   | Noticed loralnil's ghost (journeyman MiFi)
 21611 | Lair:5   | Banished loralnil's ghost
 21975 | Lair:6   | Entered Level 6 of the Lair of Beasts
 22248 | Lair:6   | Reached skill level 5 in Charms
 22716 | Lair:6   | Reached skill level 5 in Ice Magic
 23478 | Lair:6   | Reached ***** piety under Lugonu
 24841 | Lair:6   | Reached skill level 14 in Stealth
 25464 | Lair:6   | Learned a level 5 spell: Metabolic Englaciation
 25824 | D:12     | Found a staircase to the Orcish Mines.
 25897 | D:12     | Reached XP level 14. HP: 64/64 MP: 16/24
 26039 | D:12     | Reached skill level 15 in Stealth
 26241 | D:12     | Noticed Maurice
 26281 | D:12     | Killed Maurice
 26822 | D:12     | Found Fuogiom's Jewellery Emporium.
 27251 | Orc:1    | Entered Level 1 of the Orcish Mines
 27314 | Orc:1    | Reached ****** piety under Lugonu
 28878 | Orc:2    | Entered Level 2 of the Orcish Mines
 28978 | Orc:2    | Found Ryong's Jewellery Shoppe.
 28991 | Orc:2    | Found a frozen archway.
 29002 | IceCv    | Entered an ice cave
 29305 | IceCv    | Killed a reaper
 30599 | IceCv    | Got a polished triple sword
 31701 | Orc:2    | Noticed an orc warlord
 31910 | Orc:2    | Killed an orc warlord
 31910 | Orc:2    | Reached skill level 10 in Hexes
 32379 | Orc:2    | Noticed Saint Roka
 32665 | Orc:2    | Found Fuowe's Antique Weapon Shop.
 32922 | Orc:2    | Killed Saint Roka
 32950 | Orc:2    | Found a staircase to the Elven Halls.
 33079 | Orc:2    | Found Gysyo's Antique Armour Shop.
 33105 | Orc:2    | Found Woshric's General Store.
 33288 | Orc:2    | Bought a +4 ring of protection for 540 gold pieces
 33292 | Orc:2    | Bought an uncursed amulet of magic regeneration for 450 gold pieces
 33692 | D:13     | Found a labyrinth entrance.
 33696 | Lab      | Entered a labyrinth
 33956 | Lab      | Identified the Disquisition on Companions
 33958 | Lab      | Got an ichor-stained cloak
 33963 | Lab      | Learned a level 2 spell: Blink
 34247 | D:13     | You fall through a shaft for 2 floors!
 34247 | D:15     | Entered Level 15 of the Dungeon
 34261 | D:15     | Reached skill level 1 in Translocations
 34323 | D:15     | Reached skill level 10 in Invocations
 34324 | D:15     | Reached XP level 15. HP: 39/67 MP: 25/28
 35105 | D:14     | Noticed Josephine
 35116 | D:14     | Killed Josephine
 35267 | D:14     | Found an iron altar of Okawaru.
 36807 | D:15     | Noticed Rupert
 37130 | D:15     | Found a staircase to the Depths.
 37589 | D:15     | Found Qynt's Distillery.
 37613 | D:15     | Bought a potion of heal wounds for 75 gold pieces
 37613 | D:15     | Bought a potion of heal wounds for 75 gold pieces
 37613 | D:15     | Bought a potion of agility for 60 gold pieces
 37613 | D:15     | Bought a potion of curing for 45 gold pieces
 38120 | D:8      | Bought an uncursed ring of poison resistance for 300 gold pieces
 38274 | Spider:1 | Entered Level 1 of the Spider Nest
 38276 | Spider:1 | Noticed Roxanne
 38335 | Spider:1 | HP: 1/67 [tarantella (15)]
 38681 | Lair:2   | HP: 2/67 [wolf spider (4)]
 39119 | Spider:1 | Reached skill level 16 in Stealth
 39440 | Spider:1 | Noticed Frances
 39449 | Spider:1 | Killed Frances
 39489 | Spider:1 | HP: 3/68 [entropy weaver (9)]
 39490 | Spider:1 | Mangled by an entropy weaver
 39491 | Spider:1 | Reached XP level 14. HP: -10/64 MP: 23/28
 39491 | Spider:1 | Quit the game

Skill      XL: |  1  2  3  4  5  6  7  8  9 10 11 12 13 14 15 |
---------------+----------------------------------------------+-----
Unarmed Combat | 3 4 5 7 8 10 12 13 14 | 14.0
Dodging        | 5 8 10 11 12 13 | 13.0
Fighting       | 4 5 6 7 9 |  9.5
Invocations    | 4 6 7 8 10 | 10.0
Hexes          | 3 6 8 9 10 | 10.1
Spellcasting   | 2 4 6 8 9 |  9.0
Stealth        | 1 5 8 11 13 14 15 16 | 16.1
Charms         | 2 6 |  6.0
Ice Magic      | 1 5 |  5.0
Translocations | 2 4 |  4.0

Action                   |  1- 3 |  4- 6 |  7- 9 | 10-12 | 13-15 || total
-------------------------+-------+-------+-------+-------+-------++-------
Melee: Unarmed           |   136 |   232 |   513 |   789 |  1826 ||  3496
       Bite              |    12 |    14 |    45 |    93 |   201 ||   365
       Punch             |     4 |     2 |    17 |    40 |   102 ||   165
 Cast: Confusing Touch   |       |       |    26 |   148 |   237 ||   411
       Confuse           |       |       |    11 |    38 |   151 ||   200
       Ozocubu's Armour  |       |       |       |     4 |   150 ||   154
       Blink             |       |       |       |       |     3 ||     3
Invok: Depart the Abyss  |     1 |       |       |       |       ||     1
       Banish            |       |       |     3 |    14 |     6 ||    23
Evoke: Wand              |       |     3 |     2 |     2 |     7 ||    14
       Sack of spiders   |       |       |       |       |     2 ||     2
       Fan of gales      |       |       |       |       |     1 ||     1
  Use: Scroll            |       |     7 |     4 |    12 |     9 ||    32
       Potion            |       |     2 |       |     5 |     3 ||    10
 Stab: Sleeping          |     2 |     5 |     1 |    15 |    38 ||    61
       Distracted        |     1 |       |     3 |     1 |       ||     5
       Confused          |       |       |    22 |    91 |   192 ||   305
       Paralysed         |       |       |     2 |       |       ||     2
       Invisible         |       |       |       |       |     4 ||     4
  Eat: Chunk             |     9 |     8 |    12 |    33 |    46 ||   108
Armor: Skin              |     9 |    22 |    52 |    58 |   255 ||   396
Dodge: Dodged            |   124 |   160 |   327 |   527 |  1810 ||  2948
Block: Other             |     1 |    13 |    51 |    58 |   152 ||   275
       Reflection        |       |       |       |       |     2 ||     2
